 Dungeon Crawl Stone Soup version 0.19-a0-1111-gcceb26a (webtiles) character file.

24947 HAL9000 the Transmogrifier (level 12, 0/108 HPs)
             Began as a Green Draconian Transmuter on Aug 10, 2016.
             Was an Elder of Hepliaklqana.
             Slain by a death yak (17 damage)
             ... on level 3 of the Lair of Beasts.
             The game lasted 00:42:36 (17529 turns).

HAL9000 the Transmogrifier (DrTm)                  Turns: 17529, Time: 00:42:36

Health: 0/108      AC: 12    Str: 15    XL:     12   Next: 85%
Magic:  12/16      EV: 17    Int: 14    God:    Hepliaklqana [****..]
Gold:   1090       SH:  0    Dex: 14    Spells: 6 memorised, 1 level left

rFire  + . .     SeeInvis .       - Unarmed
rCold  . . .     Gourm    .     (armour unavailable)
rNeg   . . .     Faith    .     (shield currently unavailable)
rPois  +         Spirit   .     o - +0 hat
rElec  .         Dismiss  .     U - +0 cloak
rCorr  .         Reflect  .     (gloves currently unavailable)
SustAt .         Harm     .     C - +2 pair of boots
MR     .....                    (no amulet)
Stlth  ++........               (no ring)
                                P - ring of protection from fire

@: blade hands
A: breathe noxious fumes, unfitting armour, poison resistance, cold-blooded, AC
+8
a: Breathe Noxious Fumes, End Transformation, Recall Ancestor, Ancestor
Identity, Transference, Idealise, Renounce Religion


You were on level 3 of the Lair of Beasts.
You worshipped Hepliaklqana.
Hepliaklqana was greatly pleased with you.
You were near starving.
You had blades for hands.
You visited 3 branches of the dungeon, and saw 16 of its levels.

You collected 1123 gold pieces.
You spent 33 gold pieces at shops.

Inventory:

Missiles
 a - 211 arrows
 W - a throwing net (quivered)
Armour
 o - a +0 hat (worn)
 C - a +2 pair of boots (worn)
 U - a +0 cloak (worn)
Jewellery
 P - a ring of protection from fire (left scythe-like blade)
Wands
 x - a wand of lightning (8/15)
 A - a wand of polymorph (11/24)
 F - a wand of flame (21/48)
 G - a wand of disintegration (15/24)
 Q - a wand of slowing (19/48)
 S - a wand of teleportation (4/9)
 Z - a wand of teleportation (7/9)
Scrolls
 e - 2 scrolls of enchant weapon {unknown}
 g - 4 scrolls of enchant armour {unknown}
 k - 6 scrolls of remove curse {unknown}
 n - 2 scrolls of magic mapping {unknown}
 p - 3 scrolls of blinking {unknown}
 w - 3 scrolls of teleportation
 y - 4 scrolls of recharging {unknown}
 H - 2 scrolls of silence {unknown}
 J - 5 scrolls of amnesia {unknown}
 O - 2 scrolls of fear {unknown}
Potions
 h - 2 potions of might
 j - a potion of curing
 l - 3 potions of haste
 r - 3 potions of cancellation
 t - a potion of flight
 B - 2 potions of heal wounds
 D - 2 potions of ambrosia
 E - a potion of berserk rage
 K - a potion of agility
 N - a potion of resistance
 V - a potion of brilliance
Books
 T - a book of Minor Magic

   Spells                             Type                      Level
   a - Magic Dart                     Conjuration                  1
   b - Blink                          Translocation                2
   c - Call Imp                       Summoning                    2
   d - Repel Missiles                 Charms/Air                   2
   e - Slow                           Hexes                        2
   f - Conjure Flame                  Conjuration/Fire             3
   g - Mephitic Cloud                 Conjuration/Poison/Air       3
Miscellaneous
 Y - a box of beasts
Comestibles
 c - 11 bread rations
 I - 2 fruits
 L - 8 slices of pizza
 R - a beef jerky


   Skills:
 + Level 10.9 Fighting
 + Level 7.9 Dodging
 * Level 11.7 Unarmed Combat
 + Level 2.8 Spellcasting
 + Level 1.8 Charms
 + Level 2.0 Translocations
 - Level 12.7 Transmutations
 + Level 2.0 Invocations


You had one spell level left.
You knew the following spells:

 Your Spells              Type           Power        Failure   Level  Hunger
a - Beastly Appendage     Tmut           #####.       8%          1    #......
b - Sticks to Snakes      Tmut           #####...     10%         2    ###....
c - Spider Form           Tmut/Pois      ###.......   36%         3    ###....
d - Blade Hands           Tmut           #####.....   32%         5    ######.
e - Blink                 Tloc           N/A          58%         2    ###....
f - Repel Missiles        Chrm/Air       #.....       67%         2    ###....


Dungeon Overview and Level Annotations

Branches:
Dungeon (12/15)            Temple (1/1) D:7            Lair (3/6) D:11
 Shoals (0/4) Lair:2        Snake (0/4) Lair:3          Orc (0/2) D:11

Altars:
Ashenzari
Cheibriados
Dithmenos
Elyvilon
Fedhas
Gozag
Hepliaklqana
Kikubaaqudgha
Makhleb
Nemelex Xobeh
Okawaru
Pakellas
Qazlal
Ru
Sif Muna
Trog
Uskayaw
Vehumet
Xom
Yredelemnul
Zin
The Shining One

Shops:
D:7 ?


Innate Abilities, Weirdness & Mutations

You can breathe blasts of noxious fumes.
Your lurid green scales are hard. (AC +8)
Your body does not fit into most forms of armour.
Your system is resistant to poisons. (rPois)
You are cold-blooded and may be slowed by cold attacks.


Message History

You slash the death yak! You tail-slap the death yak.
Your slash misses the death yak.
The death yak is moderately wounded.
The death yak gores you!
* * * LOW HITPOINT WARNING * * *
Unknown command.
Casting: Blade Hands
Confirm with . or Enter, or press ? or * to list all spells.
Okay, then.
You completely miss the death yak.
You tail-slap the death yak, but do no damage.
The death yak is moderately wounded.
You hit the death yak but do no damage.
The death yak is moderately wounded.
The death yak gores you!
* * * LOW HITPOINT WARNING * * *
You slash the death yak!
The death yak is moderately wounded.
The death yak gores you!
You die...

#.......# ######....P..
##.....## .P.##........ #......#
#........###P.
.#.....##...##P..## # ......
#......#P..# #..## ......
#...##.#..####..## ......
##.####....##....######## H....
.#.# #...###....P##.....###YY(.
#..###..........@Y†.....##YY.#
.#.##.....#.....##†.....##R..##
#.†#.#...#......##....>.#PY...#
##..............####.##.......#
#.#.##.##...>..#.##.....P...##
#..###.#.#..................#
#..#.P..#.....(.................
#...............................
#..##.P#.##..###P###P####..###PP


You could see a death yak.

Vanquished Creatures
  A hydra (Lair:1)
  Erica (D:9)
  4 death yaks (Lair:3)
  An unseen horror (D:10)
  2 hill giants
  A griffon (Lair:2)
  A manticore (Lair:2)
  Maurice (D:9)
  2 black mambas
  Psyche (D:8)
  3 spiny frogs
  A rime drake (Lair:3)
  2 trolls
  Prince Ribbit (D:9)
  Grinder (D:5)
  2 vampires
  A wyvern (D:10)
  A wraith (D:12)
  14 yaks
  5 hippogriffs
  Grum (D:10)
  2 hungry ghosts
  12 water moccasins
  8 porcupines
  A necrophage (D:5)
  3 orc warriors
  4 sky beasts
  3 ice beasts
  3 phantoms
  A black bear (D:10)
  7 wolves
  2 centaurs (D:6)
  4 crocodiles
  2 big kobolds
  10 giant frogs
  A gnoll sergeant (D:10)
  3 scorpions
  5 killer bees
  10 wights
  A howler monkey (D:4)
  4 electric eels
  2 crimson imps (D:10)
  3 centaur zombies
  3 centaur skeletons
  A gnoll shaman (D:10)
  10 hounds
  3 jellies
  8 orc wizards
  An orc priest (D:4)
  3 iguanas
  7 worker ants
  A hound skeleton (D:9)
  A worker ant zombie (D:11)
  11 gnolls
  25 adders
  6 river rats (Lair:2)
  2 shadow imps
  An ooze (D:6)
  2 adder zombies
  4 worms
  A dart slug (D:1)
  8 giant geckos
  31 orcs
  9 giant cockroaches
  9 goblins
  5 hobgoblins
  3 jackals (D:5)
  5 quokkas
  3 ball pythons
  14 bats
  A giant cockroach zombie (D:6)
  10 giant newts
  13 kobolds
  2 quokka skeletons
  11 rats
352 creatures vanquished.

Vanquished Creatures (collateral kills)
  A hydra (D:11)
  A catoblepas (Lair:2)
  A griffon (Lair:2)
  A two-headed ogre (D:9)
  Sigmund (D:2)
  A human (D:8)
  2 yaks (Lair:1)
  2 hippogriffs
  2 water moccasins (Lair:3)
  2 porcupines
  A black bear (Lair:1)
  3 wolves
  An ogre (D:9)
  A crocodile (Lair:2)
  3 giant frogs
  2 scorpions (D:11)
  A killer bee (D:11)
  6 wights
  2 crimson imps
  A hound (D:11)
  An orc wizard (D:9)
  2 worker ants
  A hound zombie (D:11)
  3 adders
  A shadow imp (D:11)
  2 giant geckos
  5 orcs
  A ball python (D:2)
  A jackal (D:11)
  3 kobolds
  A quokka (D:2)
  A bat (D:2)
  A rat (D:2)
  A fungus (Lair:1)
59 creatures vanquished.

Vanquished Creatures (others)
  7 hexers
  3 ancestors
  2 orcs
  2 fungi
14 creatures vanquished.

Grand Total: 425 creatures vanquished

Notes
Turn   | Place    | Note
-------+----------+-------------------------------------------
     0 | D:1      | HAL9000 the Draconian Transmuter began the quest for the Orb.
     0 | D:1      | Reached XP level 1. HP: 16/16 MP: 3/3
   218 | D:1      | Reached XP level 2. HP: 16/23 MP: 1/5
  1019 | D:2      | Reached XP level 3. HP: 21/28 MP: 4/6
  1051 | D:2      | Learned a level 2 spell: Sticks to Snakes
  1072 | D:2      | Reached skill level 3 in Transmutations
  1173 | D:2      | Noticed Sigmund
  1340 | D:2      | Killed Sigmund
  1340 | D:2      | Reached XP level 4. HP: 13/35 MP: 0/7
  1340 | D:2      | Reached XP level 5. HP: 14/40 MP: 0/8
  1344 | D:2      | Reached skill level 4 in Transmutations
  1746 | D:2      | Learned a level 3 spell: Spider Form
  2088 | D:2      | Reached skill level 5 in Unarmed Combat
  2857 | D:3      | Reached XP level 6. HP: 47/47 MP: 9/9
  3215 | D:3      | Found a radiant altar of Vehumet.
  3284 | D:3      | Found a basalt altar of Yredelemnul.
  3549 | D:4      | Reached skill level 5 in Transmutations
  3715 | D:4      | Found an opulent altar of Gozag.
  3926 | D:4      | Your scales start taking on a lurid green colour.
  3926 | D:4      | Reached XP level 7. HP: 48/52 MP: 6/10
  3926 | D:4      | Gained mutation: Your system is resistant to poisons. (rPois) [Green Draconian growth]
  4133 | D:4      | Reached skill level 6 in Transmutations
  4413 | D:5      | Entered Level 5 of the Dungeon
  4790 | D:5      | Noticed Grinder
  4804 | D:5      | Killed Grinder
  4804 | D:5      | Reached XP level 8. HP: 57/63 MP: 6/11
  4896 | D:6      | Reached skill level 7 in Transmutations
  5045 | D:6      | Found an iron altar of Okawaru.
  5737 | D:7      | Found Deilawi's Magic Scroll Emporium.
  5745 | D:7      | Bought a scroll of teleportation for 33 gold pieces
  5797 | D:7      | Found a staircase to the Ecumenical Temple.
  5805 | D:7      | Reached skill level 8 in Transmutations
  5823 | Temple   | Entered the Ecumenical Temple
  5874 | Temple   | Became a worshipper of Hepliaklqana
  6036 | D:7      | Found a shattered altar of Ashenzari.
  6646 | D:7      | Reached XP level 9. HP: 35/73 MP: 12/12
  6933 | D:7      | Reached skill level 5 in Fighting
  7193 | D:8      | Reached * piety under Hepliaklqana
  7220 | D:8      | Reached skill level 9 in Transmutations
  7360 | D:8      | Noticed Psyche
  7742 | D:8      | Killed Psyche
  8037 | D:8      | Found a glowing golden altar of the Shining One.
  8142 | D:8      | Found an ancient bone altar of Kikubaaqudgha.
  8142 | D:8      | Found an iron altar of Okawaru.
  8142 | D:8      | Found a sparkling altar of Nemelex Xobeh.
  8150 | D:8      | Found a stormy altar of Qazlal.
  8157 | D:8      | Found a sacrificial altar of Ru.
  8219 | D:8      | Learned a level 5 spell: Blade Hands
  8274 | D:9      | Reached skill level 10 in Transmutations
  8523 | D:9      | Found a deep blue altar of Sif Muna.
  8628 | D:9      | Reached XP level 10. HP: 46/84 MP: 4/13
  9547 | D:9      | Noticed Prince Ribbit
  9971 | D:9      | Noticed Maurice
  9992 | D:9      | Killed Maurice
 10123 | D:9      | Reached ** piety under Hepliaklqana
 10523 | D:9      | Noticed Erica
 10524 | D:9      | Remembered your ancestor Kuche as a hexer
 10537 | D:9      | Killed Erica
 10537 | D:9      | Reached skill level 11 in Transmutations
 10666 | D:9      | Killed Prince Ribbit
 10825 | D:10     | Entered Level 10 of the Dungeon
 11236 | D:10     | Noticed a hill giant
 11255 | D:10     | Killed a hill giant
 11255 | D:10     | Reached XP level 11. HP: 54/94 MP: 8/14
 11629 | D:10     | Noticed Grum
 11642 | D:10     | Killed Grum
 12198 | D:10     | HP: 4/95 [something (2)]
 12572 | D:10     | Reached skill level 5 in Dodging
 12717 | D:11     | Reached skill level 10 in Unarmed Combat
 12721 | D:11     | Reached skill level 12 in Transmutations
 12759 | D:11     | Noticed a six-headed hydra
 12788 | D:10     | Killed an unseen horror
 13204 | D:11     | Found a staircase to the Orcish Mines.
 13251 | D:11     | Noticed a hill giant
 13257 | D:11     | Killed a hill giant
 13315 | D:11     | Killed a six-headed hydra
 13751 | D:11     | Found a staircase to the Lair.
 14053 | Lair:1   | Entered Level 1 of the Lair of Beasts
 14094 | Lair:1   | Reached *** piety under Hepliaklqana
 14489 | Lair:1   | HP: 3/97 [poisoned by a spiny frog]
 14936 | Lair:1   | Noticed an eight-headed hydra
 14944 | Lair:1   | Killed an eight-headed hydra
 14953 | Lair:1   | Reached XP level 12. HP: 86/105 MP: 7/15
 15754 | Lair:2   | Reached skill level 10 in Fighting
 15861 | Lair:2   | Noticed a catoblepas
 15874 | Lair:2   | Killed a catoblepas
 16004 | Lair:2   | Found a staircase to the Shoals.
 17151 | Lair:3   | Learned a level 2 spell: Blink
 17154 | Lair:3   | Learned a level 2 spell: Repel Missiles
 17248 | Lair:3   | Found a staircase to the Snake Pit.
 17389 | Lair:3   | Reached **** piety under Hepliaklqana
 17429 | Lair:3   | Reached skill level 1 in Invocations
 17455 | Lair:3   | Reached skill level 1 in Charms
 17467 | Lair:3   | Noticed a death yak
 17468 | Lair:3   | Noticed a death yak
 17474 | Lair:3   | Noticed a death yak
 17475 | Lair:3   | Noticed a death yak
 17475 | Lair:3   | Noticed a death yak
 17476 | Lair:3   | Noticed a death yak
 17490 | Lair:3   | Killed a death yak
 17490 | Lair:3   | Reached skill level 1 in Translocations
 17505 | Lair:3   | Killed a death yak
 17513 | Lair:3   | Killed a death yak
 17525 | Lair:3   | Killed a death yak
 17529 | Lair:3   | Slain by a death yak

Vault maps used:
D:1:      nagdon_arrival_double_spiral
D:2:      minmay_vboxes, uniq_sigmund
D:3:      fiery_altar_vehumet, yredelemnul_altar_generic
D:4:      grunt_gozag_breadcrumbs
D:5:      first_bread, uniq_grinder
D:6:      eino_small_chamber_without_monster, okawaru_ov_weapons_minmay
D:7:      evilmike_ruin_ashenzari, serial_shops, nicolae_shop_stone
D:8:      minmay_overflow_temple_hex, grunt_pizzeria, uniq_psyche
D:9:      lemuel_coloured_pillars_altar, nooodl_food_tri, uniq_maurice,
          uniq_prince_ribbit1, uniq_erica
D:10:     uniq_grum
D:11:     erik_lair_island
Temple:   cyrus_circular_temple
Lair:2:   minmay_shoals_entry_beasts, patterned_corridor
Lair:3:   minmay_snake_entry_six_corridors, grunt_megastairs_1

Skill      XL: |  1  2  3  4  5  6  7  8  9 10 11 12 |
---------------+-------------------------------------+-----
Transmutations | 3 4 5 6 8 10 11 12 | 12.7
Unarmed Combat | 4 5 6 7 8 9 10 11 | 11.7
Fighting       | 3 4 6 8 9 10 | 10.9
Dodging        | 2 4 6 7 |  7.9
Invocations    | 2 |  2.0
Charms         | 1 |  1.8
Translocations | 2 |  2.0
Spellcasting   | |  2.8

Action                   |  1- 3 |  4- 6 |  7- 9 | 10-12 || total
-------------------------+-------+-------+-------+-------++-------
Melee: Unarmed           |   108 |   311 |   387 |   682 ||  1488
       Tailslap          |     7 |    24 |    30 |    88 ||   149
       Headbutt          |     6 |     2 |       |       ||     8
       Kick              |     7 |     1 |       |       ||     8
       Punch             |       |     1 |     8 |    29 ||    38
 Cast: Beastly Appendage |    19 |     2 |       |       ||    21
       Sticks to Snakes  |     6 |     3 |    17 |     9 ||    35
       Spider Form       |       |    12 |    18 |    12 ||    42
       Blade Hands       |       |       |       |    36 ||    36
       Repel Missiles    |       |       |       |     1 ||     1
Invok: Ancestor Identity |       |       |     1 |     1 ||     2
       Ancestor Life: He |       |       |       |     1 ||     1
       Recall Ancestor   |       |       |       |     1 ||     1
 Abil: End Transformatio |       |     1 |     3 |     4 ||     8
       Breathe Noxious F |       |       |     7 |     8 ||    15
  Use: Scroll            |       |       |     1 |    19 ||    20
       Potion            |       |       |       |     2 ||     2
 Stab: Sleeping          |       |     2 |       |     1 ||     3
       Distracted        |       |       |     3 |     9 ||    12
       Confused          |       |       |     2 |    18 ||    20
  Eat: Chunk             |     2 |    11 |    21 |    40 ||    74
       Fruit             |       |       |       |     2 ||     2
       Pizza             |       |       |       |     2 ||     2
       Beef jerky        |       |       |       |     1 ||     1
Armor: Skin              |    28 |   122 |    75 |   156 ||   381
Dodge: Dodged            |    72 |   253 |   242 |   440 ||  1007
       Deflected         |       |       |       |     1 ||     1
